 Dungeon Crawl Stone Soup version 0.31-a0-121-g1e386dd289 (webtiles) character file.

Game seed: 14452716069709563330

9 Essalna the Digger (level 2, 0/21 HPs)
             Began as a Demonspawn Earth Elementalist on June 1, 2023.
             Slain by a goblin
             ... wielding a +0 club
              (2 damage)
             ... on level 1 of the Dungeon.
             The game lasted 00:00:33 (80 turns).

Essalna the Digger (Demonspawn Earth Elementalist)    Turns: 80, Time: 00:00:33

Health: 0/21       AC:  2    Str:  8    XL:     2   Next: 3%
Magic:  0/5        EV: 12    Int: 16    God:
Gold:   0          SH:  0    Dex: 13    Spells: 4/5 levels left

rFire   . . .        (no weapon)
rCold   . . .        (no shield)
rNeg    . . .        a - +0 robe
rPois   .            (no helmet)
rElec   .            (no cloak)
rCorr   .            (no gloves)
SInv    .            (no boots)
Will    .....        (no amulet)
Stlth   ++           (no ring)
HPRegen 0.23/turn    (no ring)
MPRegen 0.09/turn

%: no passive effects
@: no status effects
A: ignite blood 1
a: no special abilities


You were on level 1 of the Dungeon.
You visited 1 branch of the dungeon, and saw 1 of its levels.

Inventory:

Armour
 a - a +0 robe (worn)
Potions
 b - a potion of magic


   Skills:
 + Level 1.1 Fighting
 - Level 1.7 Dodging
 - Level 1.7 Stealth
 - Level 2.0 Spellcasting
 - Level 0.8 Transmutations
 + Level 3.0 Earth Magic


You had 4 spell levels left.
You knew the following spells:

 Your Spells              Type           Power      Damage    Failure   Level
a - Sandblast             Erth           22%        2d7       6%          1

Your spell library contained the following spells:

 Spells                   Type           Power      Damage    Failure   Level
 Passwall                 Tmut/Erth      5%         N/A       14%         2
 Stone Arrow              Conj/Erth      12%        3d7       32%         3
 Petrify                  Tmut/Erth      7%         N/A       67%         4


Dungeon Overview and Level Annotations

Branches:
Dungeon (1/15)

Altars:

Shops:
D:1 [


Innate Abilities, Weirdness & Mutations

Your demonic aura sometimes causes spilled blood to erupt in flames.


Message History

Press: ? - help, Shift-Dir - straight line, f - jackal
Aim: a jackal (77% to hit)
The blast of sand hits the jackal.
You kill the jackal!
The jackal bites you but does no damage.
The jackal bites you.
Your Fighting skill increases to level 1!
Casting: Sandblast (safe; 6% risk of failure)
Confirm with . or Enter, or press ? or * to list all spells.
Aiming: Sandblast (safe; 6% risk of failure)
Press: ? - help, Shift-Dir - straight line, f - jackal
Aim: a jackal (77% to hit)
The blast of sand hits the jackal.
The jackal is severely wounded.
The jackal barely misses you. The jackal closely misses you.
You hit the jackal.
You kill the jackal!
Your Earth Magic skill increases to level 3!
You have reached level 2!
Your demonic ancestry asserts itself...
Your blood heats up.
You hit the kobold.
The kobold is severely wounded.
The kobold barely misses you.
You barely miss the kobold.
The kobold is severely wounded.
The kobold hits you with a +2 dagger of distortion.
Space warps horribly around you!
Ouch! That really hurt!
* * * LOW HITPOINT WARNING * * *
You hit the kobold.
You kill the kobold!
A frilled lizard comes into view.
The frilled lizard hisses angrily.
You hit the goblin.
The goblin is moderately wounded.
The goblin hits you with a +0 club.
* * * LOW HITPOINT WARNING * * *
The goblin attacks as you move away! The goblin hits you with a +0 club.
You die...

###### ##....##
###.####.#
#.'####8.#
##########.'#...#.#
#..†g@.....#..<.#.#
#...#########...#.#
#.l.# ###.#.# #...#
##..# #.h.# ####
#..h# #...#
...h.[K...#
..........#


You could see a goblin and a frilled lizard.

Vanquished Creatures
  A hobgoblin (D:1)
  4 jackals (D:1)
  2 bats (D:1)
  A kobold (D:1)
8 creatures vanquished.

Notes
Turn   | Place    | Note
-------+----------+-------------------------------------------
     0 | D:1      | Essalna the Demonspawn Earth Elementalist began the quest
                  | for the Orb.
     0 | D:1      | Reached XP level 1. HP: 13/13 MP: 3/3
    38 | D:1      | Found Leuppoxe's Antique Armour Boutique.
    74 | D:1      | Reached skill level 1 in Fighting
    76 | D:1      | Reached skill level 3 in Earth Magic
    76 | D:1      | Gained mutation: Your demonic aura sometimes causes spilled
                  | blood to erupt in flames. [demonic ancestry]
    76 | D:1      | Reached XP level 2. HP: 19/21 MP: 0/5
    80 | D:1      | Slain by a goblin

Illustrated notes

Levels and vault maps discovered:
D:1:      saegor_arrival_simple_e, layout_rooms, serial_shops, shop,
          nicolae_shop_rolling_square, shop, nicolae_shop_tiny_glass,
          nicolae_shop_just_a_little_nook, shapermc_ecumenical_altar_acropolis,
          nrook_mini_vaults

Skill      XL: |  1 |
---------------+----+-----
Fighting       | 1 |  1.1
Earth Magic    | 3 |  3.0
Dodging        | |  1.7
Stealth        | |  1.7
Spellcasting   | |  2.0
Transmutations | |  0.8

Action                     || total
---------------------------++-------
  Melee: Unarmed           ||    26
   Cast: Sandblast         ||     5
 Armour: Robe              ||     9
  Dodge: Dodged            ||    27

Table legend: (Time is in decaauts)
 A = Elapsed time spent in this place.
 B = Non-inter-level travel time spent in this place.
 C = Inter-level travel time spent in this place.
 D = Time resting spent in this place.
 E = Time spent auto-exploring this place.
 F = Levels seen in this place.
 G = Mean time per level.
                   A        B        C        D        E       F      G
               +--------+--------+--------+--------+--------+-----+--------+
         Total |     82 |     82 |      0 |      0 |     34 |   1 |   82.0 |
       Dungeon |     82 |     82 |      0 |      0 |     34 |   1 |   82.0 |
               +--------+--------+--------+--------+--------+-----+--------+

Top non-repeatable levels by time:
     D:1: 82 daAuts
